 Dungeon Crawl Stone Soup version 0.28-a0-440-ge3cd3e9c68 (console) character file.

Game seed: 8263848522715552040

48 nht the Cutter (level 3, -1/42 HPs)
             Began as a Vampire Berserker on Sept 11, 2021.
             Was a Believer of Trog.
             Slain by a goblin (3 damage)
             ... led by Robin
             ... on level 2 of the Dungeon.
             The game lasted 00:02:01 (823 turns).

nht the Cutter (Vampire Berserker)                   Turns: 823, Time: 00:02:01

Health: -1/42      AC:  2    Str: 16    XL:     3   Next: 50%
Magic:  0/3        EV: 12    Int:  9    God:    Trog [**....]
Gold:   91         SH:  0    Dex: 14    Spells: 2/2 levels left

rFire   . . .      SeeInvis +   e - +2 short sword (venom)
rCold   . . .      Faith    .   (no shield)
rNeg    . . .      Spirit   +   b - +0 animal skin
rPois   .          Reflect  .   (no helmet)
rElec   .          Harm     .   (no cloak)
rCorr   .          Rampage  .   (no gloves)
Will    .....                   (no boots)
Stlth   ..........              h - amulet of guardian spirit
HPRegen 0.34/turn               (no ring)
MPRegen 0.08/turn               (no ring)

@: berserking (expiring), healing quickly, very quick
A: alive, fangs 3, see invisible, vampiric 2
a: Exsanguinate, Renounce Religion, Berserk, Trog's Hand


You were on level 2 of the Dungeon.
You worshipped Trog.
Trog was pleased with you.
You visited 1 branch of the dungeon, and saw 2 of its levels.

You collected 91 gold pieces.

Inventory:

Hand Weapons
 a - a +0 short sword
 e - a +2 short sword of venom (weapon)
Missiles
 i - 12 poisoned darts (quivered)
Armour
 b - a +0 animal skin (worn)
Jewellery
 h - an amulet of guardian spirit (around neck)
Scrolls
 c - a scroll of immolation {unknown}
 f - 2 scrolls of identify {unknown}
 g - a scroll of blinking {unknown}
 j - a scroll of summoning {unknown}
 k - a scroll of fear {unknown}
Potions
 d - a potion of curing {unknown}
 l - a potion of attraction {unknown}
 m - 2 potions of heal wounds {unknown}


   Skills:
 - Level 2.6 Fighting
 * Level 4.5 Short Blades
 - Level 1.5 Armour
 - Level 2.1 Dodging
 + Level 2.8 Stealth


You had 2 spell levels left.
You didn't know any spells.
Your spell library was empty.

Dungeon Overview and Level Annotations

Branches:
Dungeon (2/15)

Altars:

Annotations:
D:2 Robin


Innate Abilities, Weirdness & Mutations

Your natural rate of healing is accelerated.
You have razor-sharp teeth.
You have supernaturally acute eyesight. (SInv)
You are afflicted with vampirism and can become a bat while bloodless.


Message History

You puncture the adder!
You kill the adder!
Trog accepts your kill. The hobgoblin barely misses you.
The goblin barely misses you. The goblin hits you but does no damage.
The goblin barely misses you.
You hit the hobgoblin.
The hobgoblin is severely wounded.
The hobgoblin barely misses you.
You puncture the hobgoblin!
You kill the hobgoblin!
Trog accepts your kill. The goblin barely misses you.
The goblin hits you with a +0 dagger. The goblin hits you but does no damage.
You puncture the goblin!
You kill the goblin!
Trog accepts your kill.
You can now call upon Trog for regeneration and willpower.
The goblin barely misses you. The goblin closely misses you.
The goblin hits you with a +0 dagger. The goblin hits you with a +0 club.
You puncture the goblin!
You kill the goblin!
Trog accepts your kill. Robin throws the goblin at you!
The goblin hits you with a +0 club.
* * * LOW HITPOINT WARNING * * *
You puncture the goblin!
You kill the goblin!
Trog accepts your kill. The goblin hits you but does no damage.
The goblin hits you with a +0 dagger.
* * * LOW HITPOINT WARNING * * *
The goblin hits you with a +0 dagger.
* * * LOW HITPOINT WARNING * * *
The goblin hits you with a +0 club.
* * * LOW HITPOINT WARNING * * *
You are too injured to fight recklessly!
You are too injured to fight recklessly!
Unknown command.
You closely miss the goblin. The goblin misses you.
The goblin closely misses you. The goblin barely misses you.
You hit the goblin. Your bite misses the goblin.
The goblin is heavily wounded.
The goblin hits you with a +0 club.
You die...

██ █. █. .... ...█████.
.... ......... .....
...████.█ .....██ █ █.█
....... .█ █.█
......$████.█ █.█
.....g)gg.<.██████████.█
████+██@█..............█
......ggg...█████████..█
.█████..███.█ ██████..█
█.█......█ ........█
█........█ ████.....
█......█..█ █.....
█.██████..█.█ █..... █.█
█.......█ ██.... █.█
█.███████ █.█.█ █.█
█....█ █.█.█
█.███..█.█████.... █.█..


You could see Robin, a hobgoblin (strong) and 4 goblins.

Vanquished Creatures
  An adder (D:2)
  A worm (D:2)
  6 bats
  2 endoplasms (D:1)
  3 giant cockroaches (D:2)
  7 goblins
  4 hobgoblins
  4 kobolds
  2 ball pythons (D:1)
  A frilled lizard (D:1)
  A rat (D:1)
32 creatures vanquished.

Notes
Turn   | Place    | Note
-------+----------+-------------------------------------------
     0 | D:1      | nht the Vampire Berserker began the quest for the Orb.
     0 | D:1      | Reached XP level 1. HP: 17/17 MP: 1/1
   112 | D:1      | Reached skill level 1 in Stealth
   194 | D:1      | Reached XP level 2. HP: 23/23 MP: 2/2
   359 | D:1      | Reached skill level 4 in Short Blades
   768 | D:2      | Gained mutation: You are afflicted with vampirism and can
                  | become a bat while bloodless. [Vampire growth]
   768 | D:2      | Reached XP level 3. HP: 28/28 MP: 3/3
   809 | D:2      | Noticed Robin
   819 | D:2      | Reached ** piety under Trog
   821 | D:2      | HP: 1/42 [goblin[Robin] (4)]
   823 | D:2      | Slain by a goblin

Illustrated notes

Levels and vault maps discovered:
D:1:      elethiomel_arrival_shortcut, layout_basic
D:2:      layout_basic, hellmonk_ecumenical_altar_run_dry, serial_shops, shop,
          uniq_robin

Skill      XL: |  1  2 |
---------------+-------+-----
Stealth        | 1 2 |  2.8
Short Blades   | 4 |  4.5
Fighting       | |  2.6
Armour         | |  1.5
Dodging        | |  2.1

Action                   || total
-------------------------++-------
Melee: Short sword       ||    66
       Bite              ||     8
Invok: Berserk           ||     2
 Stab: Sleeping          ||     4
Armor: Animal skin       ||    10
Dodge: Dodged            ||    53

Table legend: (Time is in decaauts)
 A = Elapsed time spent in this place.
 B = Non-inter-level travel time spent in this place.
 C = Inter-level travel time spent in this place.
 D = Time resting spent in this place.
 E = Time spent auto-exploring this place.
 F = Levels seen in this place.
 G = Mean time per level.
                   A        B        C        D        E       F      G
               +--------+--------+--------+--------+--------+-----+--------+
         Total |    823 |    812 |     11 |      0 |    623 |   2 |  411.5 |
       Dungeon |    823 |    812 |     11 |      0 |    623 |   2 |  411.5 |
               +--------+--------+--------+--------+--------+-----+--------+

Top non-repeatable levels by time:
     D:1: 636 daAuts
     D:2: 187 daAuts
